[Event "Team 45 45 League T56"]
[Site "Internet Chess Club"]
[Date "2013.03.10"]
[Round "3"]
[White "oldsj"]
[Black "DouDou"]
[Result "0-1"]
[WhiteElo "1579"]
[BlackElo "1770"]
[Opening "Ruy Lopez: 5.O-O"]
[ECO "C78"]
[Time "17:00:27"]
[TimeControl "2700+45"]

1. e4 e5 2. Nf3 Nc6 3. Bb5 a6 4. Ba4 Nf6 5. O-O b5 6. Bb3 Bc5 7. a4 Rb8 8. c3 d6
9. d4 Bb6 10. h3 Bd7 11. Bg5 h6 12. Bh4 Ba5 13. axb5 Rxb5 14. Ba4 Rxb2 15. Bxc6
Bxc6 16. Rxa5 Bxe4 17. Nbd2 Bd3 18. Re1 c5 19. Ra1 g5 20. dxe5 dxe5 21. Nxe5 O-O
22. Bg3 Qd5 23. Ndf3 c4 24. Nxd3 cxd3 25. Nd2 a5 26. Be5 Nd7 27. c4 Qxe5 28.
Rxe5 Nxe5 29. Rxa5 Ng6 30. g3 Re8 31. Rd5 Ne5 32. f4 Rxd2 33. Qf1 Nxc4 34. Rxd3
Rc2 35. Rf3 Nd2 36. Qd3 Nxf3+ 37. Qxf3 Re1+ {White resigns} 0-1

[Event "Team 45 45 League T56"]
[Site "Internet Chess Club"]
[Date "2013.03.10"]
[Round "3"]
[White "chess-fan"]
[Black "rayonline53"]
[Result "0-1"]
[WhiteElo "1667"]
[BlackElo "1501"]
[Opening "Caro-Kann: classical, Spassky variation"]
[ECO "B19"]
[Time "23:00:21"]
[TimeControl "2700+45"]

1. e4 c6 2. d4 d5 3. Nc3 dxe4 4. Nxe4 Bf5 5. Ng3 Bg6 6. h4 h6 7. Nf3 Nd7 8. h5
Bh7 9. Bd3 Bxd3 10. Qxd3 Ngf6 11. Bd2 e6 12. O-O-O Be7 13. Kb1 O-O 14. Ne4 Nxe4
15. Qxe4 Nf6 16. Qd3 c5 17. Rh3 Qc7 18. Ne5 cxd4 19. Qxd4 Rfd8 20. Qe3 Rd5 21.
Ng6 Bc5 22. Qf4 Bd6 23. Qe3 Rd8 24. Rhh1 Bc5 25. Qc3 fxg6 26. hxg6 Ne4 27. Qh3
Nxd2+ 28. Kc1 Qd6 29. Rxd2 Rxd2 30. Qf3 Rxf2 31. Qxb7 Qd2+ 32. Kb1 Qxc2+ 33. Ka1
Rd1+ 34. Rxd1 Qxd1# {White checkmated} 0-1

[Event "Team 45 45 League T56"]
[Site "Internet Chess Club"]
[Date "2013.03.10"]
[Round "3"]
[White "nanning"]
[Black "hi12980"]
[Result "1-0"]
[WhiteElo "1630"]
[BlackElo "1673"]
[Opening "Sicilian: closed"]
[ECO "B23"]
[Time "13:01:19"]
[TimeControl "2700+45"]

1. e4 c5 2. Nc3 d6 3. f4 Nc6 4. Nf3 Nf6 5. Bb5 Qb6 6. d3 Bd7 7. Bc4 e6 8. O-O a6
9. Qe1 Qa7 10. Kh1 Nb4 11. Bb3 a5 12. a3 Na6 13. f5 Nc7 14. fxe6 fxe6 15. e5 Ng4
16. exd6 Bxd6 17. Ne4 Qb6 18. Qh4 Ne5 19. Nxd6+ Qxd6 20. Nxe5 Qxe5 21. Bf4 Qd4
22. c3 Qxd3 23. Rad1 Qb5 24. Bd6 Nd5 25. Bxd5 {Black resigns} 1-0

[Event "Team 45 45 League T56"]
[Site "Internet Chess Club"]
[Date "2013.03.11"]
[Round "3"]
[White "sockmonkey"]
[Black "globulon"]
[Result "1-0"]
[WhiteElo "1703"]
[BlackElo "1286"]
[Opening "QGD: Tarrasch defense"]
[ECO "D32"]
[Time "10:00:19"]
[TimeControl "2700+45"]

1. d4 d5 2. c4 e6 3. Nc3 c5 4. cxd5 exd5 5. Nf3 Nf6 6. Bg5 Be7 7. dxc5 Be6 8.
Rc1 Qa5 9. Qa4+ Nc6 10. Qxa5 Nxa5 11. e3 O-O 12. Be2 Rac8 13. b4 Nc4 14. Bxf6
Bxf6 15. Nxd5 Na3 16. Nxf6+ gxf6 17. O-O Bxa2 18. Rfd1 a6 19. Nd4 Rcd8 20. Nf5
Rxd1+ 21. Rxd1 Nc2 22. b5 Ra8 23. bxa6 bxa6 24. Bxa6 Be6 25. Bd3 Nb4 26. Be4 Rc8
27. Ne7+ {Black resigns} 1-0

[Event "Team 45 45 League T56"]
[Site "Internet Chess Club"]
[Date "2013.03.10"]
[Round "3"]
[White "jjaco"]
[Black "Aquaman"]
[Result "0-1"]
[WhiteElo "1141"]
[BlackElo "1358"]
[Opening "QP counter-gambit: Maroczy gambit"]
[ECO "C40"]
[Time "15:00:33"]
[TimeControl "2700+45"]

1. e4 e5 2. Nf3 d5 3. exd5 Bd6 4. d3 f5 5. Nc3 Nf6 6. Bg5 O-O 7. g3 Qe8 8. Qe2
b6 9. O-O-O Bb7 10. Bg2 Nbd7 11. Nxe5 Qxe5 12. Qxe5 Nxe5 13. h3 a6 14. Bf4 Nh5
15. Be3 Nf6 16. f4 Nf7 17. Rde1 Bb4 18. Bd2 Rfe8 19. a3 Bd6 20. g4 fxg4 21. hxg4
Nxg4 22. Be4 Nf6 23. b4 b5 24. f5 h6 25. Rhg1 Kh8 26. Kb2 Be5 27. Ka2 Rg8 28.
Rg6 Ne8 29. Reg1 Rd8 30. Ne2 Bxd5+ 31. Bxd5 Rxd5 32. Nf4 Rd6 33. Ne6 Bf6 34. Bf4
Be5 35. Bxe5 Nxe5 36. Rxh6+ gxh6 37. Re1 Nf3 38. Re3 Nd4 39. Nxd4 Rxd4 40. Kb3
Rf4 41. a4 bxa4+ 42. Kxa4 Rxf5 43. c4 Nf6 44. Re6 Ra8 45. Rc6 Ra7 46. d4 h5 47.
Re6 h4 48. Re1 Rh5 49. d5 h3 50. Re6 Ng4 51. Re8+ Kg7 52. Re7+ Kf6 53. d6 h2 54.
dxc7 Rxc7 55. Rxc7 h1=Q 56. Ra7 Qa1+ 57. Kb3 Rh3+ 58. Kc2 Qa2+ 59. Kd1 Rh1#
{White checkmated} 0-1

[Event "Team 45 45 League T56"]
[Site "Internet Chess Club"]
[Date "2013.03.09"]
[Round "3"]
[White "RobertBuice"]
[Black "Sanjaya"]
[Result "1-0"]
[WhiteElo "1083"]
[BlackElo "1060"]
[Opening "QGD Slav: 3.Nf3"]
[ECO "D11"]
[Time "17:09:58"]
[TimeControl "2700+45"]

1. d4 d5 2. c4 c6 3. Nf3 Qa5+ 4. Bd2 Qb6 5. Qc2 Nf6 6. Nc3 dxc4 7. Bf4 Bg4 8. e3
Nbd7 9. Bxc4 c5 10. Ng5 e6 11. O-O cxd4 12. exd4 Qxd4 13. Ne2 Bxe2 14. Qxe2 Qxf4
15. Nxe6 Qe5 16. Qxe5 Nxe5 17. Nc7+ Kd8 18. Nxa8 Nxc4 19. Rfd1+ Kc8 20. Rac1 b5
21. a4 Kb7 22. axb5 Kxa8 23. Rd8+ Kb7 24. Rxc4 {Black resigns} 1-0

[Event "Team 45 45 League T56"]
[Site "Internet Chess Club"]
[Date "2013.03.11"]
[Round "3"]
[White "theartist"]
[Black "artspir"]
[Result "0-1"]
[WhiteElo "1105"]
[BlackElo "1229"]
[Opening "QGD semi-Slav: 5.e3"]
[ECO "D45"]
[Time "13:31:57"]
[TimeControl "2700+45"]

1. d4 d5 2. c4 c6 3. e3 Nf6 4. Nf3 e6 5. Nc3 Bb4 6. Qc2 Nbd7 7. Bd3 a6 8. O-O
Be7 9. e4 b5 10. c5 b4 11. Ne2 dxe4 12. Bxe4 Nxe4 13. Qxe4 Bb7 14. Be3 Nf6 15.
Qc2 O-O 16. Rad1 Nd5 17. Rd3 a5 18. Bf4 Ba6 19. Rb3 a4 20. Rxb4 Nxb4 21. Qb1
Bxe2 22. Re1 Bd3 23. Qd1 Bf5 24. Ne5 Qc7 25. a3 Nd5 26. Bg3 Qb7 27. Qd2 f6 28.
Nc4 Rfd8 29. Qe2 Nb6 30. Nxb6 Ra6 31. Rd1 Ra5 32. Rd2 e5 33. d5 Rxc5 34. Nxa4
Rcxd5 35. Rxd5 Rxd5 36. Nc3 Rd6 37. b4 Bd3 38. Qa2+ Kh8 39. Qf7 Qd7 40. Ne4 Bxe4
41. h3 Bg6 42. Qa2 h5 43. f3 Qa7+ 44. Kh2 Rd1 45. Bh4 Qg1+ 46. Kg3 e4 47. Qe2
Bd6+ 48. f4 Rd3+ 49. Qxd3 exd3 {White resigns} 0-1

[Event "Team 45 45 League T56"]
[Site "Internet Chess Club"]
[Date "2013.03.09"]
[Round "3"]
[White "tornado100"]
[Black "Conjurer"]
[Result "0-1"]
[WhiteElo "1396"]
[BlackElo "1500"]
[Opening "Sicilian: accelerated fianchetto, modern variation with Bc4"]
[ECO "B35"]
[Time "14:05:11"]
[TimeControl "2700+45"]

1. e4 c5 2. Nf3 Nc6 3. d4 cxd4 4. Nxd4 g6 5. Nc3 Bg7 6. Be3 Nf6 7. Bc4 O-O 8.
O-O a6 9. Bb3 b5 10. a3 Bb7 11. f3 e6 12. Ba2 Ne5 13. Qe2 Rc8 14. Bf4 Nc4 15.
Bxc4 Rxc4 16. Nb3 d5 17. Rad1 Qb6+ 18. Be3 Qc7 19. exd5 Nxd5 20. Nxd5 Bxd5 21.
c3 Rh4 22. g3 Rh5 23. Nd4 Bc4 24. Rd3 f5 25. Qc2 Re8 26. Rfd1 Bxd3 27. Qxd3 Rd8
28. f4 e5 29. fxe5 Bxe5 30. Qe2 Bxg3 31. Ne6 Rxd1+ 32. Qxd1 Bxh2+ 33. Kf1 Qc4+
34. Kf2 Qxe6 35. Qd8+ Kf7 36. Qa8 Bg1+ 37. Kxg1 Qxe3+ 38. Kf1 Qc1+ 39. Kf2 Rh2+
40. Kg3 Qg1+ 41. Kf4 Qg4+ 42. Ke3 Re2+ 43. Kd3 Qc4# {White checkmated} 0-1

[Event "Team 45 45 League T56"]
[Site "Internet Chess Club"]
[Date "2013.03.09"]
[Round "3"]
[White "dknight"]
[Black "WilmaP"]
[Result "1-0"]
[WhiteElo "1152"]
[BlackElo "1171"]
[Opening "QGD: semi-Slav"]
[ECO "D10"]
[Time "14:02:19"]
[TimeControl "2700+45"]

1. d4 d5 2. c4 c6 3. Nc3 e6 4. Nf3 Nd7 5. e4 Ne7 6. g3 Nb6 7. b3 g6 8. Bg5 Bg7
9. Bg2 O-O 10. Qd2 h6 11. Bxh6 Bxh6 12. Qxh6 dxc4 13. Ng5 Qxd4 14. Qh7# {Black
checkmated} 1-0

[Event "Team 45 45 League T56"]
[Site "Internet Chess Club"]
[Date "2013.03.09"]
[Round "3"]
[White "wekabird"]
[Black "rapidfire"]
[Result "1-0"]
[WhiteElo "1207"]
[BlackElo "1106"]
[Opening "English opening"]
[ECO "A22"]
[Time "17:00:39"]
[TimeControl "2700+45"]

1. c4 e5 2. Nc3 Nf6 3. e4 Nc6 4. d3 d6 5. h3 Nd4 6. Nf3 c5 7. Nxd4 cxd4 8. Ne2
Bd7 9. g3 Be7 10. Bg2 O-O 11. O-O Qc8 12. Kh2 h6 13. f4 Nh7 14. f5 g6 15. Bxh6
Re8 16. fxg6 fxg6 17. Ng1 Bg5 18. Bxg5 Nxg5 19. h4 Nh7 20. a3 Kg7 21. b4 Rh8 22.
Qd2 g5 23. Nh3 gxh4 24. Ng5 hxg3+ 25. Kg1 Nf6 26. Qe1 Nh5 27. Rf7+ Kg8 28. Qf1
Rh6 29. Bh3 Bxh3 30. Nxh3 Qg4 31. Rf3 Qh4 32. Kg2 Nf4+ 33. Rxf4 exf4 34. Qh1 f3+
35. Kxf3 Rf8+ 36. Kg2 Rf2+ 37. Nxf2 Qf4 38. Rf1 Rxh1 39. Nxh1 Qd2+ 40. Kxg3
Qxd3+ 41. Rf3 Qxe4 42. Nf2 Qe2 43. Rd3 Qe5+ 44. Kg2 a6 45. Rg3+ Kf8 46. Rf3+ Ke8
47. Nd3 Qe2+ 48. Kg3 Qc2 49. Nf4 Qxc4 50. Rd3 Kd7 51. Rf3 Kc6 52. Nd3 Kd5 53. a4
Ke4 54. Nf2+ Kd5 55. Rf5+ Ke6 56. Rf4 Qc3+ 57. Kg2 d3 58. Re4+ Kd5 59. b5 d2 60.
bxa6 bxa6 61. Re2 Qc2 62. Re3 Qxa4 63. Rd3+ Ke5 64. Rxd2 Qb4 65. Nd3+ Ke4 66.
Nxb4 a5 67. Nc2 d5 68. Re2+ Kd3 69. Kf3 d4 70. Na3 Kc3 71. Nb5+ Kc4 72. Nd6+ Kd3
73. Ne4 a4 74. Nc5+ Kc3 75. Nxa4+ Kd3 76. Nc5+ Kc4 77. Ne6 d3 78. Rd2 Kc3 79.
Ke3 Kc4 80. Rxd3 Kb4 81. Kd4 Kb5 82. Rc3 Kb4 83. Rd3 Kb5 84. Kd5 Kb4 85. Kd4 Kb5
86. Rc3 Kb4 87. Nc7 Ka5 88. Kc5 Ka4 89. Kc4 Ka5 90. Ra3+ Kb6 91. Nd5+ Kc6 92.
Ra6+ Kb7 93. Ra5 Kc6 94. Ra6+ Kb7 95. Kb5 Kb8 96. Kc6 Kc8 97. Ra8# {Black
checkmated} 1-0

[Event "Team 45 45 League T56"]
[Site "Internet Chess Club"]
[Date "2013.03.12"]
[Round "3"]
[White "QuieroAprender"]
[Black "Helaman"]
[Result "0-1"]
[WhiteElo "1636"]
[BlackElo "1832"]
[Opening "Sicilian: closed, 2...Nc6"]
[ECO "B23"]
[Time "19:00:09"]
[TimeControl "2700+45"]

1. e4 c5 2. Nc3 Nc6 3. Nf3 e5 4. Bc4 Be7 5. O-O d6 6. d3 Nf6 7. Nd5 O-O 8. Nxf6+
Bxf6 9. c3 Rb8 10. Be3 b5 11. Bb3 Bg4 12. h3 Bh5 13. g4 Bg6 14. Qd2 Qd7 15. g5
Be7 16. Kh2 Kh8 17. Nh4 Bh5 18. Nf5 a5 19. Bd5 Bd8 20. Bxc6 Qxc6 21. f4 Bc7 22.
fxe5 dxe5 23. Ne7 Qe6 24. Nd5 Qc6 25. Ne7 Qd6 26. Nf5 Qc6 27. Qf2 c4 28. Ne7 Qd7
29. Bc5 cxd3 30. Nd5 Rfd8 31. Qh4 Bg6 32. Rad1 Bd6 33. Bb6 Rdc8 34. Bxa5 Rc4 35.
Rxd3 Rxe4 36. Qg3 Re2+ 37. Kh1 e4 38. Nf6 exd3 39. Nxd7 Bxg3 40. Rd1 Be4+ 41.
Kg1 Bh2+ 42. Kf1 Bg2# {White checkmated} 0-1

[Event "Team 45 45 League T56"]
[Site "Internet Chess Club"]
[Date "2013.03.09"]
[Round "3"]
[White "badmove"]
[Black "Marcosm06"]
[Result "1-0"]
[WhiteElo "1617"]
[BlackElo "1661"]
[Opening "Sicilian: closed"]
[ECO "B23"]
[Time "17:09:43"]
[TimeControl "2700+45"]

1. e4 c5 2. Nc3 a6 3. g3 Nc6 4. d3 g6 5. Bg2 Bg7 6. f4 e6 7. Nf3 Nge7 8. O-O O-O
9. Be3 b6 10. d4 cxd4 11. Nxd4 Bb7 12. Nxc6 Nxc6 13. e5 Rb8 14. Ne4 f6 15. exf6
Bxf6 16. Nxf6+ Rxf6 17. c4 Rf7 18. a3 Ne7 19. Bxb7 Rxb7 20. Qd3 Nf5 21. Bf2 Qc7
22. Rac1 d6 23. Rfe1 Re7 24. Rc2 Qd8 25. Rce2 Qd7 26. b3 Rb8 27. g4 Ng7 28. h3
b5 29. cxb5 axb5 30. Rd1 d5 31. Re5 Qd6 32. b4 Qd7 33. Bc5 Ree8 34. Rde1 Kh8 35.
Kg2 Kg8 36. h4 Kh8 37. Qe2 Kg8 38. h5 gxh5 39. gxh5 h6 40. Qg4 Kh8 41. Bd4 Rbc8
42. f5 Rg8 43. Rxe6 Rc2+ 44. Kg1 Rc6 45. Qg6 Rxe6 46. Rxe6 Rc8 47. Qxh6+ Kg8 48.
Rg6 Rc7 49. f6 Qd6 50. Rxg7+ {Black resigns} 1-0

[Event "Team 45 45 League T56"]
[Site "Internet Chess Club"]
[Date "2013.03.08"]
[Round "3"]
[White "arvindsp"]
[Black "PaulRichard"]
[Result "0-1"]
[WhiteElo "1492"]
[BlackElo "1540"]
[Opening "French: Burn variation"]
[ECO "C11"]
[Time "19:00:53"]
[TimeControl "2700+45"]

1. e4 e6 2. d4 d5 3. Nc3 Nf6 4. Bg5 dxe4 5. Nxe4 Nbd7 6. Nf3 Be7 7. Nxf6+ Bxf6
8. Bxf6 Nxf6 9. Be2 O-O 10. O-O b6 11. c3 Bb7 12. Ne5 Qd6 13. Bf3 Bxf3 14. Qxf3
Qd5 15. Rfe1 Qxf3 16. Nxf3 Rfd8 17. Rad1 Rd6 18. Ng5 Rad8 19. Ne4 Nxe4 20. Rxe4
c5 21. Kf1 cxd4 22. Rexd4 Rxd4 23. Rxd4 Rxd4 24. cxd4 Kf8 25. Ke2 Ke7 26. Kd3
Kd6 27. Kc4 Kc6 28. a4 a6 29. b3 h6 30. f4 h5 31. h3 h4 32. b4 b5+ 33. axb5+
axb5+ 34. Kc3 Kd5 35. Kd3 f6 36. Ke3 f5 37. Kd3 g6 38. Kc3 Ke4 39. Kd2 Kxd4 40.
Kc2 Kc4 41. Kd2 Kxb4 42. Kd3 Kc5 43. Kc3 b4+ 44. Kb3 Kb5 45. Kc2 Kc4 46. Kb2 b3
47. Kc1 Kc3 {White resigns} 0-1

[Event "Team 45 45 League T56"]
[Site "Internet Chess Club"]
[Date "2013.03.06"]
[Round "3"]
[White "seattleblues"]
[Black "eclectic"]
[Result "0-1"]
[WhiteElo "1411"]
[BlackElo "1409"]
[Opening "King's Indian: London system"]
[ECO "A48"]
[Time "21:31:01"]
[TimeControl "2700+45"]

1. d4 Nf6 2. Nf3 g6 3. Bf4 d6 4. e3 Bg7 5. Be2 O-O 6. c4 Ne4 7. Nbd2 f5 8. O-O
c5 9. Nb3 Nc6 10. Rc1 e5 11. dxe5 dxe5 12. Bg3 f4 13. Qxd8 Rxd8 14. Bh4 Rd6 15.
exf4 exf4 16. Bd3 Rxd3 17. Rb1 Bg4 18. Ng5 Nxg5 19. Bxg5 Rxb3 20. axb3 Be5 21.
f3 Bf5 22. Rbd1 Bd4+ 23. Kh1 Be3 24. Rd5 b6 25. Rd6 Nd4 26. g3 Bd3 27. Re1 Be2
28. Rxd4 Bxf3# {White checkmated} 0-1

[Event "Team 45 45 League T56"]
[Site "Internet Chess Club"]
[Date "2013.03.10"]
[Round "3"]
[White "kevinbliu"]
[Black "ticopatzer"]
[Result "0-1"]
[WhiteElo "1578"]
[BlackElo "1689"]
[Opening "Sicilian defense"]
[ECO "B33"]
[Time "11:02:29"]
[TimeControl "2700+45"]

1. e4 c5 2. Nf3 Nc6 3. d4 cxd4 4. Nxd4 Nf6 5. f3 e5 6. Nb5 a6 7. Nd6+ Bxd6 8.
Qxd6 Qe7 9. Qxe7+ Nxe7 10. c4 O-O 11. Nc3 d6 12. Na4 Bd7 13. Nb6 Rad8 14. Be3
Nh5 15. O-O-O Bc6 16. g4 Nf4 17. Rd2 Neg6 18. Be2 Nxe2+ 19. Rxe2 Nh4 20. Rf1 f6
21. Rd2 Kf7 22. Rd3 Rh8 23. b4 h5 24. h3 hxg4 25. hxg4 Nxf3 26. Rxf3 Bxe4 27.
Bd2 Bxd3 28. Rxd3 Rh1+ 29. Kc2 Rg1 30. g5 f5 31. b5 axb5 32. cxb5 f4 33. a4 Rxg5
34. a5 Ke6 35. a6 e4 36. Rb3 Rg2 37. Kb1 Rxd2 38. a7 Rh8 39. Rc3 Rh1+ 40. Rc1
Rxc1+ 41. Kxc1 Ra2 42. a8=Q Rxa8 43. Nxa8 f3 44. Kd2 Ke5 45. Nc7 g5 46. Ke3 g4
47. Kf2 d5 48. b6 d4 49. Nb5 e3+ 50. Kf1 d3 51. Nc3 g3 52. Ke1 g2 53. Kd1 g1=Q#
{White checkmated} 0-1

[Event "Team 45 45 League T56"]
[Site "Internet Chess Club"]
[Date "2013.03.09"]
[Round "3"]
[White "Electryon"]
[Black "SATELLITE-DAN"]
[Result "0-1"]
[WhiteElo "1453"]
[BlackElo "1522"]
[Opening "Colle system"]
[ECO "D05"]
[Time "10:05:28"]
[TimeControl "2700+45"]

1. d4 d5 2. e3 Nf6 3. Nf3 e6 4. Bd3 c5 5. c3 Nc6 6. O-O Bd6 7. Nbd2 O-O 8. dxc5
Bxc5 9. e4 Qc7 10. Qe2 Bd6 11. Re1 e5 12. exd5 Nxd5 13. Bxh7+ Kxh7 14. Qe4+ Kg8
15. Qxd5 Be6 16. Qe4 f5 17. Qh4 Be7 18. Ng5 Bxg5 19. Qxg5 e4 20. Nf1 Rf6 21. Bf4
Qf7 22. Re3 Rg6 23. Qh4 Rg4 24. Qh5 Qxh5 {White resigns} 0-1

[Event "Team 45 45 League T56"]
[Site "Internet Chess Club"]
[Date "2013.03.16"]
[Round "3"]
[White "jps7"]
[Black "julesraider"]
[Result "1-0"]
[WhiteElo "1828"]
[BlackElo "1536"]
[Opening "King's Indian: East Indian defense"]
[ECO "A48"]
[Time "13:01:16"]
[TimeControl "2700+45"]

1. d4 Nf6 2. Nf3 g6 3. Nc3 d5 4. Bf4 Bg7 5. h3 O-O 6. e3 c5 7. Ne5 cxd4 8. exd4
Ne4 9. Nxe4 dxe4 10. c3 b6 11. Bc4 e6 12. O-O Bb7 13. Qb3 Nc6 14. Nxf7 Na5 15.
Nxd8 Nxb3 16. Bxe6+ Kh8 17. axb3 Rfxd8 18. Bg5 Rd6 19. Bc4 Bd5 20. Bf4 Bxc4 21.
bxc4 Rc6 22. Ra4 Re6 23. Rfa1 Re7 24. Bg5 Rb7 25. d5 a5 26. Be3 Bf8 27. b4 Rc8
28. bxa5 bxa5 29. Bd4+ Bg7 30. Rxa5 Bxd4 31. cxd4 Rxc4 32. Ra8+ Kg7 33. R8a7
Rxa7 34. Rxa7+ Kf6 35. d6 Rxd4 36. Rxh7 Rxd6 37. Kf1 Rd5 38. Ke2 Re5 39. Ke3 Rf5
40. Ra7 Kg5 41. g3 Rf3+ 42. Ke2 Rf5 43. Ra4 Re5 44. Ke3 Kf5 45. g4+ Kg5 46. Rxe4
Rb5 47. Kf3 Rb7 48. Kg3 Rb3+ 49. f3 Kf6 50. h4 Rb5 51. Rc4 Rb6 52. g5+ Ke6 53.
Rf4 Ke7 54. Kg4 Rd6 55. h5 gxh5+ 56. Kxh5 Rd1 57. g6 Rd5+ 58. Kh6 Rd6 59. Kh7
Rd1 60. Rf7+ Ke6 61. f4 Rh1+ 62. Kg7 Rg1 63. f5+ Ke5 64. Kf8 Rxg6 65. Ke7 Rg5
66. f6 Rg6 67. Rf8 Kf5 68. f7 Re6+ 69. Kd8 Rf6 70. Kd7 Ra6 71. Rc8 Ra7+ 72. Rc7
Ra8 73. Ke7 Ke5 74. f8=Q {Black resigns} 1-0

[Event "Team 45 45 League T56"]
[Site "Internet Chess Club"]
[Date "2013.03.10"]
[Round "3"]
[White "rayngrant"]
[Black "Megasus"]
[Result "0-1"]
[WhiteElo "1557"]
[BlackElo "1618"]
[Opening "Sicilian: Taimanov variation"]
[ECO "B46"]
[Time "22:01:36"]
[TimeControl "2700+45"]

1. e4 c5 2. Nf3 Nc6 3. d4 cxd4 4. Nxd4 a6 5. Nc3 e6 6. Bc4 Ne5 7. Bb3 Qc7 8. O-O
Bc5 9. Bf4 Nf6 10. Nf3 Bd6 11. Nxe5 Bxe5 12. Bxe5 Qxe5 13. f4 Qc5+ 14. Kh1 h5
15. h3 Ng4 16. Qe2 b5 17. f5 Qe3 18. Rf3 Qxe2 19. Nxe2 Bb7 20. hxg4 hxg4+ 21.
Kg1 gxf3 22. gxf3 Ke7 23. fxe6 dxe6 24. Rd1 Rh3 25. Kg2 Rah8 26. Nf4 Rh2+ 27.
Kg3 g5 28. Ng2 R8h3+ 29. Kf2 g4 30. Rd3 g3+ {White resigns} 0-1

[Event "Team 45 45 League T56"]
[Site "Internet Chess Club"]
[Date "2013.03.10"]
[Round "3"]
[White "rookmaster23"]
[Black "Gilguli"]
[Result "1-0"]
[WhiteElo "1657"]
[BlackElo "1334"]
[Opening "Latvian counter-gambit"]
[ECO "C40"]
[Time "15:31:33"]
[TimeControl "2700+45"]

1. e4 e5 2. Nf3 f5 3. exf5 d6 4. Bb5+ Bd7 5. Bxd7+ Qxd7 6. O-O Nc6 7. Nc3 Nf6 8.
Re1 O-O-O 9. d4 Qxf5 10. d5 Ne7 11. Ng5 Re8 12. Nge4 Nxe4 13. Rxe4 h6 14. Rc4 a6
15. Ne4 Ng6 16. Nxd6+ Bxd6 17. Be3 Rhf8 18. Qd2 e4 19. Bc5 Bxc5 20. Rxc5 Rd8 21.
Qd4 b6 22. Rc6 Rxd5 23. Qxb6 Rf7 24. Qxa6+ Kd7 25. Rxg6 Qxf2+ 26. Kh1 Rf6 27.
Rxg7+ Ke8 28. Qc8+ Rd8 29. Rg8+ Kf7 30. Qxc7+ Kxg8 31. Qxd8+ Kg7 32. Qd1 Rg6 33.
Qg1 Qxc2 34. a4 Qxb2 35. a5 Rxg2 36. Qxg2+ {Black resigns} 1-0

[Event "Team 45 45 League T56"]
[Site "Internet Chess Club"]
[Date "2013.03.07"]
[Round "3"]
[White "Asmodean"]
[Black "sdcohle"]
[Result "0-1"]
[WhiteElo "1311"]
[BlackElo "1428"]
[Opening "French: Steinitz variation"]
[ECO "C11"]
[Time "09:02:52"]
[TimeControl "2700+45"]

1. e4 e6 2. d4 d5 3. Nc3 Nf6 4. e5 Nfd7 5. f4 Nb6 6. Nf3 Be7 7. Bd3 O-O 8. O-O
f6 9. Bd2 fxe5 10. fxe5 c5 11. Kh1 Nc6 12. Ne2 c4 13. Bxh7+ Kxh7 14. Ng5+ Kg8
15. Rxf8+ Qxf8 16. Ng3 g6 17. Qg4 Bxg5 18. Bxg5 Bd7 19. Rf1 Qg7 20. Bf6 Qh7 21.
Ne2 Qh5 22. Qxh5 gxh5 23. Nf4 Nxd4 24. Nxh5 Rf8 25. Rf4 Nf5 26. Rg4+ Kh7 27. Kg1
Rg8 28. Rxg8 Kxg8 29. Kf2 Kf7 30. Bh8 Bc6 31. Kf3 Nd4+ 32. Kg4 Nxc2 33. Kg5 d4
{White resigns} 0-1

[Event "Team 45 45 League T56"]
[Site "Internet Chess Club"]
[Date "2013.03.16"]
[Round "3"]
[White "smsxman"]
[Black "arnx813"]
[Result "0-1"]
[WhiteElo "1489"]
[BlackElo "1248"]
[Opening "Four knights: Schultze-Müller gambit"]
[ECO "C47"]
[Time "08:01:00"]
[TimeControl "2700+45"]

1. e4 e5 2. Nf3 Nc6 3. Nc3 Nf6 4. Nxe5 Nxe5 5. d4 Nc6 6. e5 Ng8 7. Bc4 d6 8. f4
Nge7 9. O-O g6 10. a3 Bg7 11. b4 a6 12. Bb2 b5 13. Bb3 O-O 14. Rb1 Nf5 15. Nd5
Bb7 16. Nf6+ Bxf6 17. exf6 Ne3 18. Qe2 Nxf1 19. Qxf1 d5 20. Qf3 Nb8 21. g4 c6
22. g5 Qd7 23. Qg3 Bc8 24. Qh4 Qg4+ 25. Qxg4 Bxg4 26. c3 Re8 27. Kg2 Nd7 28. h3
Bf5 29. a4 Bxb1 30. axb5 {White resigns} 0-1

[Event "Team 45 45 League T56"]
[Site "Internet Chess Club"]
[Date "2013.03.08"]
[Round "3"]
[White "drsigmund1"]
[Black "clarinetref"]
[Result "1-0"]
[WhiteElo "1602"]
[BlackElo "1622"]
[Opening "Queen's bishop game"]
[ECO "D02"]
[Time "13:05:26"]
[TimeControl "2700+45"]

1. d4 d5 2. Nf3 Nf6 3. Bf4 c5 4. c3 Qb6 5. Qb3 Bg4 6. Nbd2 Nbd7 7. e3 e6 8. Be2
Nh5 9. h3 Nxf4 10. exf4 Bxf3 11. Nxf3 Qc7 12. Ne5 Bd6 13. Nxd7 Qxd7 14. Bb5 c4
15. Bxd7+ Kxd7 16. Qxb7+ Bc7 17. Qb5+ Ke7 18. Qc5+ Bd6 19. Qa5 Rhb8 20. O-O a6
21. Qa4 Bxf4 22. Qc2 g6 23. b3 cxb3 24. axb3 Rb6 25. c4 Rb4 26. cxd5 exd5 27.
Qc5+ Bd6 28. Qxd5 Rd8 29. Rfe1+ Kf8 30. Qa5 Ra8 31. Rab1 Rb5 32. Qa2 Bb4 33. Re5
Rb6 34. Rc1 a5 35. Rc4 Bd6 36. Rxa5 Rxa5 37. Qxa5 Rxb3 38. Qd8+ {Black resigns}
1-0

[Event "Team 45 45 League T56"]
[Site "Internet Chess Club"]
[Date "2013.03.11"]
[Round "3"]
[White "PostMike"]
[Black "SirIvanhoe"]
[Result "1/2-1/2"]
[WhiteElo "1576"]
[BlackElo "1462"]
[Opening "Caro-Kann: classical, 6.h4"]
[ECO "B18"]
[Time "14:30:19"]
[TimeControl "2700+45"]

1. e4 c6 2. d4 d5 3. Nc3 dxe4 4. Nxe4 Bf5 5. Ng3 Bg6 6. h4 h6 7. h5 Bh7 8. Nf3
Nd7 9. Bd3 Bxd3 10. Qxd3 e6 11. Bf4 Qa5+ 12. Bd2 Bb4 13. Ne4 Bxd2+ 14. Nfxd2 Ke7
15. Qb3 Nb6 16. O-O-O Qa4 17. Nc5 Qxb3 18. Ndxb3 Nf6 19. Nxb7 Rab8 20. N7a5 Rhc8
21. f3 Nbd7 22. c4 Nb6 23. Nc5 Nbd7 24. Nab3 Rb4 25. Na5 Nxc5 26. dxc5 Ra4 27.
Nb3 Rxc4+ 28. Kb1 Nd7 29. Rc1 Rxc1+ 30. Rxc1 Nf6 31. g4 Nd7 32. Nd4 Kf6 33. f4
Ke7 {Game drawn by mutual agreement} 1/2-1/2

[Event "Team 45 45 League T56"]
[Site "Internet Chess Club"]
[Date "2013.03.07"]
[Round "3"]
[White "SeniorCitizen"]
[Black "jjaillet2007"]
[Result "1-0"]
[WhiteElo "1301"]
[BlackElo "1425"]
[Opening "French: Marshall variation"]
[ECO "C10"]
[Time "12:01:09"]
[TimeControl "2700+45"]

1. e4 e6 2. d4 d5 3. Nc3 c5 4. exd5 exd5 5. dxc5 d4 6. Bb5+ Nc6 7. Bxc6+ bxc6 8.
Na4 Qa5+ 9. c3 dxc3 10. Nxc3 Bxc5 11. Nf3 Nf6 12. O-O O-O 13. Qa4 Qxa4 14. Nxa4
Bb6 15. Ne5 Bb7 16. Bg5 Bd8 17. Bxf6 Bxf6 18. Nd7 Rfd8 19. Nxf6+ gxf6 20. Nc5
Bc8 21. Rad1 Rd5 22. Ne4 Kg7 23. Nc3 Rxd1 24. Rxd1 Be6 25. f3 a5 26. a3 Rb8 27.
Rd2 f5 28. Kf2 f4 29. Ne2 Kf6 30. Nxf4 Kf5 31. Nxe6 Kxe6 32. Ke3 a4 33. Kf4 Rb5
34. Ke4 f5+ 35. Kd4 Rd5+ 36. Kc3 Rxd2 37. Kxd2 Kd5 38. Kc3 Kc5 39. g4 fxg4 40.
fxg4 Kd5 41. h4 Ke5 42. Kb4 Kf4 43. Kxa4 Kxg4 44. Kb4 Kxh4 45. a4 Kg4 46. a5 h5
47. a6 h4 48. a7 h3 49. a8=Q h2 50. Qxc6 Kg3 51. Qh1 Kf4 52. Kc4 Ke3 53. b4 Kf4
54. Kc5 Ke5 55. b5 Ke6 56. Kc6 Ke7 57. b6 Kd8 58. b7 {Black resigns} 1-0

[Event "Team 45 45 League T56"]
[Site "Internet Chess Club"]
[Date "2013.03.08"]
[Round "3"]
[White "Aquaman"]
[Black "lawth3"]
[Result "1-0"]
[WhiteElo "1350"]
[BlackElo "1292"]
[Opening "Réti: King's Indian attack (Barcza system)"]
[ECO "A07"]
[Time "15:00:11"]
[TimeControl "2700+45"]

1. Nf3 d5 2. g3 Nc6 3. Bg2 e5 4. d3 Bg4 5. Nbd2 Be7 6. h3 Be6 7. O-O Qd7 8. Kh2
f5 9. e3 O-O-O 10. a3 f4 11. exf4 exf4 12. b4 g5 13. Ng1 g4 14. h4 Nh6 15. Nb3
b6 16. Bxf4 Nf5 17. Qxg4 Ne3 18. Qe2 Nxf1+ 19. Qxf1 Bd6 20. Bxd6 Qxd6 21. Nf3 h6
22. d4 Rdf8 23. b5 Ne7 24. Ne5 Nf5 25. Ng6 Nxg3 26. Qe1 Nf1+ 27. Kg1 Qh2+ 28.
Kxf1 Qg3 29. Qxe6+ Kb8 30. Nxf8 Rxf8 31. Qe2 Qxh4 {Black resigns} 1-0